[Event "ICCopen2017"]
[Site "Internet Chess Club"]
[Date "2017.03.19"]
[Round "7"]
[White "skewerd"]
[Black "king-lear"]
[Result "1-0"]
[ICCResult "Black resigns"]
[WhiteElo "1755"]
[BlackElo "1928"]
[Opening "Grünfeld: exchange variation"]
[ECO "D85"]
[NIC "GI.04"]
[Time "20:25:12"]
[TimeControl "180+0"]

1. d4 Nf6 2. c4 g6 3. Nc3 d5 4. cxd5 Nxd5 5. e4 Nxc3 6. bxc3 c5 7. Nf3 Bg7
8. Be3 Qa5 9. Qd2 Nc6 10. Rc1 cxd4 11. cxd4 Qxd2+ 12. Kxd2 O-O 13. Bb5 f5
14. Bxc6 bxc6 15. e5 f4 16. Rxc6 fxe3+ 17. fxe3 Bb7 18. Rc7 Bxf3 19. gxf3
Rxf3 20. Rxe7 Bh6 21. Re1 Rb8 22. Kd3 Rb4 23. Rxa7 Rb2 24. Ke4 Rff2 25. e6
Rbe2 26. Rxe2 Rxe2 27. Ra3 Kf8 28. d5 Ke7 29. Ra7+ Ke8 30. Rxh7 Bxe3 31. d6
Bc1+ 32. Kd5 Rd2+ 33. Kc6 Rc2+ 34. Kd5 Rd2+ 35. Kc6 Rc2+ 36. Kb5 Rb2+ 37.
Kc4 {Black resigns} 1-0

[Event "ICCopen2017"]
[Site "Internet Chess Club"]
[Date "2017.03.19"]
[Round "7"]
[White "Chisel"]
[Black "flashlight"]
[Result "0-1"]
[ICCResult "White resigns"]
[WhiteElo "1729"]
[BlackElo "2100"]
[Opening "Sicilian: closed"]
[ECO "B23"]
[NIC "SI.44"]
[Time "20:26:08"]
[TimeControl "180+0"]

1. e4 c5 2. Nc3 e6 3. Nf3 Nc6 4. Bc4 a6 5. a4 d6 6. d3 Nf6 7. O-O Be7 8. h3
O-O 9. Re1 Rb8 10. Bf4 Nd4 11. Nxd4 cxd4 12. Ne2 e5 13. Bg3 b5 14. axb5 axb5
15. Bb3 Be6 16. f4 Bxb3 17. cxb3 Nd7 18. f5 Bh4 19. Qd2 Bxg3 20. Nxg3 Qh4
21. Kh2 Nc5 22. b4 Nb3 23. Qe2 Nxa1 24. Rxa1 Ra8 25. Rc1 Rfc8 26. Rxc8+ Rxc8
27. Nh5 Qg5 28. f6 g6 29. Qg4 Qxg4 {White resigns} 0-1

[Event "ICCopen2017"]
[Site "Internet Chess Club"]
[Date "2017.03.19"]
[Round "7"]
[White "KnightWalker"]
[Black "jbow79"]
[Result "1-0"]
[ICCResult "Black resigns"]
[WhiteElo "1412"]
[BlackElo "943"]
[Opening "Scandinavian (center counter) defense"]
[ECO "B01"]
[NIC "SD.02"]
[Time "20:25:37"]
[TimeControl "180+0"]

1. e4 d5 2. exd5 Qxd5 3. Nc3 Qd8 4. d4 Bf5 5. Nf3 Bg4 6. Be2 Nf6 7. O-O Bxf3
8. Bxf3 c6 9. Bg5 e6 10. Re1 Be7 11. Bxf6 Bxf6 12. d5 cxd5 13. Bxd5 Bxc3 14.
bxc3 Nc6 15. Bxc6+ bxc6 16. Qf3 Qd5 17. Qg3 O-O 18. Red1 Qf5 19. Qd3 Qf6 20.
Qd4 Qf5 21. Qd3 Qf6 22. Qc4 e5 23. Rab1 Rac8 24. Qc5 Qe7 25. Qxe7
{Black resigns}
1-0

[Event "ICCopen2017"]
[Site "Internet Chess Club"]
[Date "2017.03.19"]
[Round "7"]
[White "MasterMind"]
[Black "doug50"]
[Result "1-0"]
[ICCResult "Black checkmated"]
[WhiteElo "1802"]
[BlackElo "1250"]
[Opening "QGD: Marshall defense"]
[ECO "D06"]
[NIC "QP.08"]
[Time "20:25:40"]
[TimeControl "180+0"]

1. d4 d5 2. c4 Nf6 3. cxd5 Qxd5 4. Nc3 Qd8 5. e4 e6 6. f4 Be7 7. Nf3 c6 8.
Bd3 Nbd7 9. O-O O-O 10. Qe1 g6 11. f5 exf5 12. exf5 Nh5 13. Qf2 Ng7 14. Bh6
Bf6 15. Rad1 Nb6 16. Ne5 Bxf5 17. Bxf5 gxf5 18. Bxg7 Bxg7 19. Qxf5 Bxe5 20.
dxe5 Qe7 21. Ne4 Nd7 22. Rxd7 Qb4 23. Nf6+ Kh8 24. Qxh7# {Black checkmated}
1-0

[Event "ICCopen2017"]
[Site "Internet Chess Club"]
[Date "2017.03.19"]
[Round "7"]
[White "juandeperea"]
[Black "Paganini2"]
[Result "1-0"]
[ICCResult "Black disconnected and forfeits"]
[WhiteElo "1865"]
[BlackElo "1443"]
[Opening "Guatemala defense"]
[ECO "B00"]
[NIC "VO.01"]
[Time "20:25:23"]
[TimeControl "180+0"]

1. e4 b6 2. d4 Ba6 3. c3 Bxf1 4. Kxf1 Nf6 5. Qe2 d6 6. Bf4 e6 7. Nd2 Be7 8.
Ngf3 O-O 9. Kg1 Nbd7 10. Rd1 Nh5 11. Be3 Qb8 12. e5 f5 13. exf6 Nhxf6 14.
Bg5 h6 15. Qxe6+ Rf7 16. Bh4 d5 17. Ne5 Nxe5 18. dxe5 Qc8 19. Qxc8+ Rxc8 20.
exf6 Bxf6 21. Bxf6 Rxf6 22. Nf3 c6 23. h4 Rcf8 24. h5 Rf4 25. Rh4 R4f5 26.
Re1 c5 27. Re5 g5 28. hxg6 Rxe5 29. Nxe5 Kg7 30. g3 Rf5 31. f4 b5 32. Kf2 d4
33. cxd4 cxd4 34. Ke2 a5 35. Kd3 b4 36. Kxd4 {Black disconnected and
forfeits} 1-0

[Event "ICCopen2017"]
[Site "Internet Chess Club"]
[Date "2017.03.19"]
[Round "7"]
[White "DEHO"]
[Black "orac"]
[Result "0-1"]
[ICCResult "White resigns"]
[WhiteElo "2144"]
[BlackElo "1592"]
[Opening "QGD Slav defense"]
[ECO "D10"]
[NIC "SL.01"]
[Time "20:25:19"]
[TimeControl "180+0"]

1. d4 d5 2. c4 c6 3. Nc3 Bg4 4. cxd5 cxd5 5. Qb3 e6 6. Qxb7 Nd7 7. e3 Ngf6
8. Be2 Bxe2 9. Ngxe2 Be7 10. O-O O-O 11. Qb3 Rb8 12. Qd1 Nb6 13. b3 Rc8 14.
Bb2 Bb4 15. Rc1 Qd7 16. Qd3 Rc7 17. Rc2 Rfc8 18. Rfc1 h6 19. h3 Qd6 20. Nd1
a5 21. Rxc7 Rxc7 22. Rxc7 Qxc7 23. Bc3 Qd6 24. Qb5 g6 25. Nb2 Ne4 26. Bxb4
axb4 27. Nd3 Nc3 28. Nec1 Nxb5 {White resigns} 0-1

[Event "ICCopen2017"]
[Site "Internet Chess Club"]
[Date "2017.03.19"]
[Round "7"]
[White "alan2015"]
[Black "beaupre"]
[Result "1-0"]
[ICCResult "Black checkmated"]
[WhiteElo "1484"]
[BlackElo "1759"]
[Opening "Sicilian: accelerated fianchetto, Maróczy bind, 6.Be3"]
[ECO "B38"]
[NIC "SI.33"]
[Time "20:25:43"]
[TimeControl "180+0"]

1. e4 c5 2. Nf3 Nc6 3. d4 cxd4 4. Nxd4 g6 5. c4 Bg7 6. Be3 Nf6 7. Nc3 O-O 8.
Be2 d6 9. O-O a6 10. a3 Bd7 11. Qd2 Rc8 12. Rfc1 Bg4 13. f3 Bd7 14. b4 Ne5
15. Nd5 Nxd5 16. cxd5 f5 17. Bh6 fxe4 18. Bxg7 Kxg7 19. fxe4 Bg4 20. Qe3
Bxe2 21. Nxe2 Ng4 22. Qd4+ Kg8 23. Rxc8 Qxc8 24. Rc1 Qd7 25. h3 Ne5 26. Qc3
Qb5 27. Nd4 Qd7 28. Qc7 Qe8 29. Ne6 Rf6 30. Qc8 Qxc8 31. Rxc8+ Rf8 32. Rxf8#
{Black checkmated}
1-0

[Event "ICCopen2017"]
[Site "Internet Chess Club"]
[Date "2017.03.19"]
[Round "7"]
[White "SPARNALIQ"]
[Black "geilgambler"]
[Result "1-0"]
[ICCResult "Black checkmated"]
[WhiteElo "2918"]
[BlackElo "1777"]
[Opening "Caro-Kann: Bronstein-Larsen variation"]
[ECO "B16"]
[NIC "CK.07"]
[Time "20:25:35"]
[TimeControl "180+0"]

1. e4 c6 2. d4 d5 3. Nc3 dxe4 4. Nxe4 Nf6 5. Nxf6+ gxf6 6. Nf3 Bf5 7. c3 e6
8. Bf4 Bd6 9. Qd2 Qc7 10. Bxd6 Qxd6 11. Bd3 Bg4 12. Qe3 Nd7 13. Nd2 Bh5 14.
Ne4 Qe7 15. Qg3 Nb6 16. Qh4 f5 17. Qxh5 fxe4 18. Bxe4 O-O-O 19. O-O Rdg8 20.
g3 Rg5 21. Qe2 h5 22. a4 h4 23. a5 Nd5 24. a6 b6 25. Bg2 hxg3 26. hxg3 Rgh5
27. c4 Nf6 28. Qf3 Qd6 29. Qxf6 R8h7 30. d5 Kd7 31. dxc6+ Kc7 32. Rad1 Qe5
33. Qd8# {Black checkmated} 1-0

[Event "ICCopen2017"]
[Site "Internet Chess Club"]
[Date "2017.03.19"]
[Round "7"]
[White "Burning-Bush"]
[Black "Mercury"]
[Result "0-1"]
[ICCResult "White resigns"]
[WhiteElo "1889"]
[BlackElo "2211"]
[Opening "Queen's pawn game"]
[ECO "A45"]
[NIC "QP.07"]
[Time "20:25:26"]
[TimeControl "180+0"]

1. d4 Nf6 2. g3 g6 3. Bg2 Bg7 4. e4 d6 5. Ne2 c5 6. d5 O-O 7. c4 e6 8. Nbc3
exd5 9. cxd5 Re8 10. a4 Na6 11. O-O Nb4 12. h3 Bd7 13. Be3 a6 14. Bf4 Qe7
15. Qd2 b5 16. axb5 axb5 17. Bg5 Qf8 18. f4 h6 19. Bh4 Nh7 20. Rxa8 Rxa8 21.
g4 c4 22. Nd4 Qb8 23. Re1 Nd3 24. Re2 Bxd4+ 25. Kh2 b4 26. Nd1 Ra1 27. Qc2
Nxf4 28. Rd2 Be5 29. Bg3 Bb5 30. Ne3 b3 {White resigns} 0-1

[Event "ICCopen2017"]
[Site "Internet Chess Club"]
[Date "2017.03.19"]
[Round "7"]
[White "KnightHopper"]
[Black "WoodPushkin"]
[Result "1-0"]
[ICCResult "Black resigns"]
[WhiteElo "1576"]
[BlackElo "1545"]
[Opening "Van't Kruijs opening"]
[ECO "A00"]
[Time "20:26:24"]
[TimeControl "180+0"]

1. e3 e5 2. d4 exd4 3. exd4 Nf6 4. c4 Bb4+ 5. Bd2 Qe7+ 6. Ne2 Ne4 7. Bxb4
Qxb4+ 8. Nd2 Nxd2 9. Qxd2 Qxd2+ 10. Kxd2 d6 11. Nc3 c6 12. Bd3 Be6 13. Rhe1
O-O 14. Ne4 d5 15. Nc5 dxc4 16. Nxe6 fxe6 17. Bxc4 Kf7 18. Rxe6 Re8 19.
Rxc6+ Kf8 20. Rc7 Nc6 21. Rf7+ Kg8 22. Rxb7+ Kh8 23. d5 Ne5 24. Bb3 Reb8 25.
Rxb8+ Rxb8 26. Re1 Ng4 27. d6 h6 28. d7 Rd8 29. Re8+ {Black resigns} 1-0

[Event "ICCopen2017"]
[Site "Internet Chess Club"]
[Date "2017.03.19"]
[Round "7"]
[White "Trentosk"]
[Black "Ohanessian"]
[Result "1-0"]
[ICCResult "Black resigns"]
[WhiteElo "2551"]
[BlackElo "2089"]
[Opening "Alekhine's defense: Balogh variation"]
[ECO "B03"]
[NIC "AL.09"]
[Time "20:25:18"]
[TimeControl "180+0"]

1. e4 Nf6 2. e5 Nd5 3. d4 d6 4. Bc4 Nb6 5. Bb3 dxe5 6. Qh5 e6 7. dxe5 a5 8.
a4 Na6 9. Nf3 Nc5 10. O-O Nxb3 11. cxb3 g6 12. Qh3 Bg7 13. Bh6 O-O 14. Nc3
Bd7 15. Rad1 Nd5 16. Ng5 Nf4 17. Qh4 Nh5 18. Bxg7 Kxg7 19. g4 h6 20. gxh5
hxg5 21. h6+ Kh7 22. Qg3 Qe7 23. Ne4 Bc6 24. Nxg5+ Kh8 25. Qf4 f6 26. exf6
Rxf6 27. Qe5 Rf8 28. Rd4 Kg8 29. h7+ Kh8 30. Rfd1 Qg7 31. Rd8 Rxf2 32. Qxg7+
Kxg7 33. Rxf8 Rxf8 34. Nxe6+ {Black resigns} 1-0

[Event "ICCopen2017"]
[Site "Internet Chess Club"]
[Date "2017.03.19"]
[Round "7"]
[White "Dupinpon"]
[Black "BronStorm"]
[Result "0-1"]
[ICCResult "White resigns"]
[WhiteElo "1611"]
[BlackElo "1863"]
[Opening "Sicilian defense"]
[ECO "B20"]
[NIC "SI.48"]
[Time "20:26:10"]
[TimeControl "180+0"]

1. e4 c5 2. d3 e6 3. g3 d5 4. Nd2 Nf6 5. Bg2 Nc6 6. Nh3 dxe4 7. dxe4 Qc7 8.
O-O b6 9. f3 Ba6 10. Re1 O-O-O 11. c3 h6 12. Nf2 Ne5 13. Qc2 Kb8 14. a4 Bd3
15. Nxd3 Nxd3 16. Nc4 Nxe1 17. Qb3 Nd3 18. Be3 g5 19. Bf1 Ne5 20. Na5 Ka8
21. Nc4 Nxf3+ 22. Kg2 Ne5 23. Nd2 Nfg4 24. Bg1 Rxd2+ {White resigns} 0-1

[Event "ICCopen2017"]
[Site "Internet Chess Club"]
[Date "2017.03.19"]
[Round "7"]
[White "moonriver"]
[Black "RockyTop"]
[Result "0-1"]
[ICCResult "White resigns"]
[WhiteElo "1377"]
[BlackElo "1579"]
[Opening "Nimzo-Indian: three knights variation"]
[ECO "E21"]
[NIC "NI.26"]
[Time "20:26:33"]
[TimeControl "180+0"]

1. d4 Nf6 2. Nf3 e6 3. c4 Bb4+ 4. Nc3 b6 5. Bd2 O-O 6. e3 Bb7 7. Be2 Bxc3 8.
Bxc3 Ne4 9. O-O f5 10. Nd2 Nxc3 11. bxc3 d6 12. Bf3 Qc8 13. Bxb7 Qxb7 14.
Qf3 Qxf3 15. Nxf3 Nd7 16. a4 a5 17. Rfe1 Nf6 18. Nd2 Ne4 19. Nxe4 fxe4 20.
Rf1 Rf5 21. f3 exf3 22. Rxf3 Raf8 23. Raf1 g6 24. g4 Rxf3 25. Rxf3 Rxf3 26.
Kg2 Rxe3 {White resigns} 0-1

[Event "ICCopen2017"]
[Site "Internet Chess Club"]
[Date "2017.03.19"]
[Round "7"]
[White "Atlantis75"]
[Black "knightspirit"]
[Result "1-0"]
[ICCResult "Black resigns"]
[WhiteElo "1904"]
[BlackElo "1274"]
[Opening "Queen's pawn game, Darooha variation "]
[ECO "D02"]
[NIC "QP.08"]
[Time "20:25:37"]
[TimeControl "180+0"]

1. d4 d5 2. Nf3 Nf6 3. c3 e6 4. Nbd2 b6 5. Qc2 Bb7 6. e3 Nbd7 7. Bd3 Be7 8.
e4 dxe4 9. Nxe4 Rc8 10. Nxf6+ Nxf6 11. O-O c5 12. dxc5 Bxc5 13. Ne1 Qd5 14.
h3 Qh5 15. Be2 Qd5 16. Bf3 Ne4 17. Be3 f5 18. Rd1 Qe5 19. Bxc5 Qxc5 20. Nd3
Qc7 21. Nb4 O-O 22. Qe2 Qf4 23. Nd3 Qg5 24. Ne5 Rf6 25. Rd7 Ba8 26. Rxa7 Rh6
27. Qc4 Bd5 28. Qxc8+ {Black resigns} 1-0

[Event "ICCopen2017"]
[Site "Internet Chess Club"]
[Date "2017.03.19"]
[Round "7"]
[White "ROWLAND"]
[Black "Westman"]
[Result "1-0"]
[ICCResult "Black checkmated"]
[WhiteElo "1465"]
[BlackElo "1348"]
[Opening "Sicilian: Richter-Rauzer, Rauzer attack, 7...Be7"]
[ECO "B63"]
[NIC "SI.27"]
[Time "20:26:54"]
[TimeControl "180+0"]

1. e4 c5 2. Nf3 Nc6 3. d4 cxd4 4. Nxd4 Nf6 5. Nc3 d6 6. Bg5 e6 7. Qd2 Be7 8.
f4 Bd7 9. Nf3 Rc8 10. O-O-O a6 11. e5 dxe5 12. fxe5 Nd5 13. Bxe7 Ndxe7 14.
g4 b5 15. Bg2 b4 16. Ne4 Rc7 17. Nd6+ Kf8 18. Ng5 h6 19. Ngxf7 Qa8 20. Nxh8
Nd4 21. Bxa8 Rxc2+ 22. Qxc2 Nxc2 23. Kxc2 Nd5 24. Rxd5 exd5 25. Bxd5 Bxg4
26. Ng6# {Black checkmated} 1-0

[Event "ICCopen2017"]
[Site "Internet Chess Club"]
[Date "2017.03.19"]
[Round "7"]
[White "Dewey"]
[Black "ALexiz"]
[Result "0-1"]
[ICCResult "White resigns"]
[WhiteElo "1392"]
[BlackElo "1683"]
[Opening "Sicilian: accelerated fianchetto, modern variation"]
[ECO "B34"]
[NIC "SI.44"]
[Time "20:26:35"]
[TimeControl "180+0"]

1. e4 c5 2. Nc3 Nc6 3. Nf3 g6 4. d4 cxd4 5. Nxd4 Bg7 6. Nxc6 bxc6 7. Bd2 d5
8. exd5 cxd5 9. Bb5+ Bd7 10. Bxd7+ Qxd7 11. O-O Nf6 12. Rb1 O-O 13. Ne2 e5
14. Bg5 Ne4 15. Bd2 Rac8 16. f3 Nf6 17. Bb4 Rfe8 18. Ng3 Rc4 19. Qd2 Qc6 20.
c3 d4 21. cxd4 Rxd4 22. Qe3 Rxb4 23. Rfc1 Qb6 24. Qxb6 Rxb6 25. b3 a5 26.
Rc7 a4 27. b4 a3 28. Ne4 Nxe4 29. fxe4 Reb8 30. Rc4 Bf8 31. Rb3 Rxb4 32.
Rcxb4 Rxb4 33. Rxb4 Bxb4 34. Kf2 f5 35. Kf3 Kf7 36. h3 Ke6 37. exf5+ gxf5
{White resigns}
0-1

[Event "ICCopen2017"]
[Site "Internet Chess Club"]
[Date "2017.03.19"]
[Round "7"]
[White "charlestehace"]
[Black "penguingm1"]
[Result "0-1"]
[ICCResult "White resigns"]
[WhiteElo "3163"]
[BlackElo "2889"]
[Opening "Ruy Lopez: closed, Flohr-Zaitsev system (Lenzerheide variation)"]
[ECO "C92"]
[NIC "RL.26"]
[Time "20:25:11"]
[TimeControl "180+0"]

1. e4 e5 2. Nf3 Nc6 3. Bb5 a6 4. Ba4 Nf6 5. O-O Be7 6. Re1 b5 7. Bb3 d6 8.
c3 O-O 9. h3 Bb7 10. d4 Re8 11. Nbd2 Bf8 12. a3 g6 13. Ba2 Bg7 14. b4 exd4
15. cxd4 a5 16. Qb3 Qd7 17. Bb2 axb4 18. axb4 Ra4 19. Bc3 Nh5 20. Qb1 Rea8
21. Nf1 Nf4 22. Ne3 Nxb4 23. Bxb4 c5 24. Bd2 cxd4 25. Ng4 h5 26. Nf6+ Bxf6
27. Bxf4 d3 28. Qxd3 Bxa1 29. Bb3 Bg7 30. Bxa4 bxa4 31. Bxd6 a3 32. e5 a2
33. Ra1 Qe6 34. Nd4 Qd5 35. Qf3 Qxd4 36. Qxb7 Qxa1+ 37. Kh2 Qxe5+ 38. Bxe5
Bxe5+ 39. g3 a1=Q {White resigns} 0-1

[Event "ICCopen2017"]
[Site "Internet Chess Club"]
[Date "2017.03.19"]
[Round "7"]
[White "ChessOlympian"]
[Black "BoldPlan"]
[Result "1-0"]
[ICCResult "Black resigns"]
[WhiteElo "1738"]
[BlackElo "1745"]
[Opening "Alekhine's defense: exchange variation"]
[ECO "B03"]
[NIC "AL.08"]
[Time "20:25:55"]
[TimeControl "180+0"]

1. e4 Nf6 2. e5 Nd5 3. d4 d6 4. c4 Nb6 5. exd6 cxd6 6. Nc3 g6 7. Bd3 Bg7 8.
Nge2 O-O 9. O-O Nc6 10. Be3 e5 11. d5 Ne7 12. f4 Nf5 13. Bf2 Qe7 14. fxe5
Qxe5 15. Bxf5 Bxf5 16. Bd4 Qe7 17. Bxg7 Kxg7 18. Qd4+ Kg8 19. Ng3 Bd7 20.
Rae1 Qg5 21. Nce4 Qh6 22. Nf6+ Kh8 23. Nxd7+ Qg7 24. Qxg7+ Kxg7 25. Nxf8
Rxf8 26. b3 Nd7 27. Ne4 Ne5 28. Nxd6 Nd3 29. Re3 Nb4 30. Re2 {Black resigns}
1-0

[Event "ICCopen2017"]
[Site "Internet Chess Club"]
[Date "2017.03.19"]
[Round "7"]
[White "FGM21"]
[Black "Reti"]
[Result "1-0"]
[ICCResult "Black resigns"]
[WhiteElo "1914"]
[BlackElo "2188"]
[Opening "Sicilian defense"]
[ECO "B33"]
[NIC "SI.34"]
[Time "20:25:21"]
[TimeControl "180+0"]

1. e4 c5 2. Nf3 Nc6 3. d4 cxd4 4. Nxd4 Nf6 5. Nc3 e6 6. g3 Qb6 7. Nb3 Bb4 8.
Bg2 d5 9. exd5 Nxd5 10. Bd2 Bxc3 11. bxc3 O-O 12. O-O Nde7 13. Re1 e5 14.
Be3 Qc7 15. Qh5 Bf5 16. Bc5 Bxc2 17. Be4 Bxe4 18. Rxe4 Rfe8 19. Rh4 h6 20.
Rg4 Ng6 21. Re1 Rad8 22. Be3 b6 23. Nd2 Re6 24. Ne4 Qe7 25. h4 Rf8 26. Bxh6
Qe8 27. Ng5 gxh6 28. Qxh6 {Black resigns} 1-0

[Event "ICCopen2017"]
[Site "Internet Chess Club"]
[Date "2017.03.19"]
[Round "7"]
[White "pawnblaster"]
[Black "Osinger"]
[Result "0-1"]
[ICCResult "White forfeits on time"]
[WhiteElo "1081"]
[BlackElo "1604"]
[Opening "Sicilian defense"]
[ECO "B41"]
[NIC "SI.43"]
[Time "20:25:38"]
[TimeControl "180+0"]

1. e4 c5 2. Nf3 e6 3. d4 a6 4. c3 b5 5. Be3 c4 6. Be2 Nf6 7. O-O Bb7 8. e5
Nd5 9. Bd2 Be7 10. Qc2 f5 11. b3 cxb3 12. axb3 g5 13. c4 bxc4 14. bxc4 Nf4
15. Bc1 Nxg2 16. Kxg2 g4 17. Kg1 gxf3 18. d5 fxe2 19. Qxe2 Rg8+ 20. Kh1 Rg6
21. f3 exd5 22. Be3 dxc4 23. Nc3 Nc6 24. Rad1 Nxe5 25. Bf4 Nd3 26. Bd2 Rc8
27. Rg1 Rcc6 28. Rxg6 Rxg6 29. Rg1 Qb6 30. Rxg6 Qxg6 {White forfeits on
time} 0-1

[Event "ICCopen2017"]
[Site "Internet Chess Club"]
[Date "2017.03.19"]
[Round "7"]
[White "Speirs"]
[Black "Barbos"]
[Result "0-1"]
[ICCResult "White resigns"]
[WhiteElo "1728"]
[BlackElo "2485"]
[Opening "Queen's pawn game"]
[ECO "A50"]
[NIC "QP.07"]
[Time "20:25:22"]
[TimeControl "180+0"]

1. d4 Nf6 2. c4 a6 3. Nf3 c5 4. d5 b5 5. Nbd2 d6 6. e4 g6 7. cxb5 Bg7 8. Bd3
O-O 9. O-O axb5 10. Bxb5 Ba6 11. Bxa6 Rxa6 12. Qe2 Qb6 13. Nc4 Qb7 14. Rd1
Nbd7 15. a3 Rb8 16. Rb1 Raa8 17. b4 Qa6 18. Qc2 cxb4 19. axb4 Rc8 20. Nfd2
Nb6 21. b5 Qb7 22. Qd3 Ng4 23. Nxb6 Qxb6 24. Qe2 Nxf2 25. Kf1 Nxd1 26. Qxd1
Qd4 27. Bb2 Qd3+ 28. Kg1 Ra2 29. b6 Rxb2 30. Rxb2 Bxb2 31. b7 Rb8 32. Qa4
Bd4+ 33. Kh1 Qe3 34. Qxd4 Qxd4 {White resigns} 0-1

[Event "ICCopen2017"]
[Site "Internet Chess Club"]
[Date "2017.03.19"]
[Round "7"]
[White "Salvatore"]
[Black "GolfPro"]
[Result "0-1"]
[ICCResult "White resigns"]
[WhiteElo "1464"]
[BlackElo "1820"]
[Opening "Petrov: Italian variation"]
[ECO "C42"]
[NIC "RG.01"]
[Time "20:26:20"]
[TimeControl "180+0"]

1. e4 e5 2. Nf3 Nf6 3. Bc4 Nxe4 4. Bxf7+ Kxf7 5. Nxe5+ Kg8 6. d3 Nf6 7. O-O
d5 8. c4 Bd6 9. d4 Nbd7 10. c5 Bxe5 11. dxe5 Nxe5 12. Nc3 c6 13. Bg5 h6 14.
Bh4 g5 15. Bg3 Ng6 16. Re1 Kg7 17. Qb3 Re8 18. Bd6 b5 19. Ne2 a5 20. a4 b4
21. Ng3 Ra7 22. Qc2 h5 23. b3 h4 24. Ne2 Ne4 25. Qb2+ Qf6 26. Qxf6+ Kxf6 27.
Nd4 Bd7 28. f3 Nxd6 29. cxd6 c5 30. Rxe8 Bxe8 31. Nb5 Bxb5 32. axb5 Ke6 33.
Re1+ Kxd6 34. Re8 c4 35. bxc4 dxc4 36. Rg8 Ne5 37. Rxg5 c3 {White resigns}
0-1

[Event "ICCopen2017"]
[Site "Internet Chess Club"]
[Date "2017.03.19"]
[Round "7"]
[White "devotional"]
[Black "SWAT-TEAM"]
[Result "1-0"]
[ICCResult "Black resigns"]
[WhiteElo "2084"]
[BlackElo "1861"]
[Opening "KP: Nimzovich defense"]
[ECO "B00"]
[NIC "VO.06"]
[Time "20:26:21"]
[TimeControl "180+0"]

1. e4 Nc6 2. d4 d5 3. exd5 Qxd5 4. c3 e5 5. dxe5 Qxd1+ 6. Kxd1 Nxe5 7. h3
Bf5 8. Bf4 O-O-O+ 9. Nd2 Nd3 10. Bxd3 Bxd3 11. Ngf3 Nf6 12. Ne5 Bg6 13. Re1
Bd6 14. Nxg6 hxg6 15. Bxd6 Rxd6 16. Re2 Rhd8 17. Ke1 Nd5 18. g3 f5 19. Nf3
Nb6 20. Re7 Nc4 21. b3 Nb2 22. Rxg7 Re8+ 23. Kf1 Nd1 24. Rc1 Nb2 25. h4 a5
26. c4 b6 27. c5 bxc5 28. Rxc5 Rd7 29. Rxd7 Kxd7 30. Rxa5 Nd3 31. Rd5+ Kc6
32. Rxd3 {Black resigns} 1-0

[Event "ICCopen2017"]
[Site "Internet Chess Club"]
[Date "2017.03.19"]
[Round "7"]
[White "niftyleopard"]
[Black "sarge"]
[Result "0-1"]
[ICCResult "White resigns"]
[WhiteElo "1224"]
[BlackElo "1755"]
[Opening "King's pawn opening"]
[ECO "B07"]
[NIC "VO.17"]
[Time "20:25:53"]
[TimeControl "180+0"]

1. e4 d6 2. Nf3 c6 3. d4 Qc7 4. Nc3 e5 5. dxe5 dxe5 6. Bc4 h6 7. O-O Nf6 8.
Re1 Be7 9. h3 Nbd7 10. Qd3 Nf8 11. Be3 g5 12. Rad1 Ng6 13. Bc1 Nf4 14. Bxf4
gxf4 15. Kf1 Rg8 16. Bb3 b5 17. a3 a5 18. Ba2 b4 19. Nb1 Ba6 20. Bc4 Bc8 21.
axb4 axb4 22. c3 h5 23. cxb4 Bxb4 24. Nc3 Be7 25. Bb3 Ng4 26. hxg4 hxg4 27.
Nh2 Rh8 28. Kg1 Bc5 29. Nf1 g3 30. Re2 gxf2+ 31. Rxf2 Bd4 32. Qd2 Qe7 33.
Qd3 Qh4 {White resigns} 0-1

[Event "ICCopen2017"]
[Site "Internet Chess Club"]
[Date "2017.03.19"]
[Round "7"]
[White "demchog97"]
[Black "playwaycool"]
[Result "0-1"]
[ICCResult "White checkmated"]
[WhiteElo "1959"]
[BlackElo "2257"]
[Opening "QGD semi-Slav: anti-Meran gambit"]
[ECO "D44"]
[NIC "SL.07"]
[Time "20:26:22"]
[TimeControl "180+0"]

1. d4 d5 2. c4 e6 3. Nf3 Nf6 4. Bg5 c6 5. Nc3 dxc4 6. e4 b5 7. e5 h6 8. Bh4
g5 9. Nxg5 hxg5 10. Bxg5 Nbd7 11. exf6 Bb7 12. g3 Qb6 13. Bg2 c5 14. d5
O-O-O 15. O-O b4 16. Na4 Qb5 17. a3 exd5 18. axb4 d4 19. Bxb7+ Kxb7 20. Qf3+
Qc6 21. Qe2 cxb4 22. Rfc1 d3 23. Qg4 Ne5 24. Qf5 Nf3+ 25. Kf1 Nxh2+ 26. Ke1
Re8+ 27. Be3 Qh1+ 28. Kd2 Nf3+ 29. Qxf3+ Qxf3 30. Rxc4 Qe2+ 31. Kc1 d2+ 32.
Kb1 d1=Q+ 33. Ka2 Qxa4+ 34. Kb1 Qd3+ 35. Kc1 Qdd1# {White checkmated} 0-1

[Event "ICCopen2017"]
[Site "Internet Chess Club"]
[Date "2017.03.19"]
[Round "7"]
[White "sec7"]
[Black "canary2016"]
[Result "1-0"]
[ICCResult "Black checkmated"]
[WhiteElo "1307"]
[BlackElo "1159"]
[Opening "Caro-Kann: advance variation"]
[ECO "B12"]
[NIC "CK.04"]
[Time "20:26:26"]
[TimeControl "180+0"]

1. e4 c6 2. d4 d5 3. e5 Bf5 4. Bd3 Bxd3 5. Qxd3 e6 6. Nf3 Nd7 7. O-O Ne7 8.
Bd2 Ng6 9. Nc3 Be7 10. Ne2 O-O 11. Ng3 Rc8 12. c3 c5 13. Rac1 cxd4 14. cxd4
Qb6 15. Rxc8 Rxc8 16. Bc3 Bb4 17. Bxb4 Qxb4 18. Qb1 a5 19. Rc1 Rxc1+ 20.
Qxc1 h6 21. Qc8+ Kh7 22. Qxd7 Qxb2 23. Qxf7 Qc1+ 24. Nf1 Nf4 25. g3 Ne2+ 26.
Kg2 Qc3 27. N1d2 Qc2 28. Qxe6 Qxa2 29. Qf5+ Kh8 30. e6 Nc3 31. e7 Qa4 32.
Qf8+ Kh7 33. e8=Q Qd1 34. Qf5+ g6 35. Qff7# {Black checkmated} 1-0

[Event "ICCopen2017"]
[Site "Internet Chess Club"]
[Date "2017.03.19"]
[Round "7"]
[White "lmenezes"]
[Black "NEO2017"]
[Result "0-1"]
[ICCResult "White forfeits on time"]
[WhiteElo "1592"]
[BlackElo "1701"]
[Opening "Dutch"]
[ECO "A80"]
[NIC "HD.12"]
[Time "20:25:19"]
[TimeControl "180+0"]

1. d4 f5 2. Bf4 Nf6 3. Nf3 g6 4. c4 Bg7 5. Nc3 O-O 6. e3 d6 7. h3 Nc6 8. Be2
Ne4 9. Qc2 Nxc3 10. Qxc3 e5 11. dxe5 Qe7 12. Bg5 Qe8 13. Bf6 dxe5 14. Bxg7
Kxg7 15. O-O-O Kh6 16. g4 e4 17. g5+ Kh5 18. h4 f4 19. exf4 Rxf4 20. Ne5+
Bg4 21. Nxg4 Rxg4 22. Rdg1 Qe6 23. Qh3 Ne5 24. Qe3 Rf8 25. Rxg4 Nxg4 26. Qh3
Rf4 27. Rg1 Qf5 28. Qg3 Rf3 29. Bxf3 Qxf3 30. Qxc7 h6 31. Qg7 hxg5 32. Qh7+
Nh6 33. hxg5 Qf4+ {White forfeits on time} 0-1

[Event "ICCopen2017"]
[Site "Internet Chess Club"]
[Date "2017.03.19"]
[Round "7"]
[White "WAHEHE"]
[Black "uggi"]
[Result "1/2-1/2"]
[ICCResult "Game drawn by mutual agreement"]
[WhiteElo "1720"]
[BlackElo "1882"]
[Opening "King's Indian: fianchetto, Simagin variation"]
[ECO "E62"]
[NIC "KI.72"]
[Time "20:25:59"]
[TimeControl "180+0"]

1. c4 Nf6 2. Nc3 g6 3. g3 Bg7 4. Bg2 d6 5. Nf3 O-O 6. O-O Nc6 7. d4 Bg4 8.
h3 Bxf3 9. exf3 Nd7 10. Be3 e5 11. dxe5 Ncxe5 12. Qb3 Nc5 13. Bxc5 dxc5 14.
Rad1 Qc8 15. Nd5 Re8 16. Rfe1 c6 17. f4 cxd5 18. fxe5 dxc4 19. Qxb7 Qxb7 20.
Bxb7 Rab8 21. Bd5 Rxe5 22. Rxe5 Bxe5 23. Bxc4 Rxb2 24. Rd7 Bd4 25. Rxf7 Kh8
26. h4 Rc2 27. Bd5 c4 28. h5 gxh5 29. Kg2 c3 30. Rxh7+ Kxh7 31. Be4+ Kh6 32.
Bxc2 Kg5 33. Kf3 h4 34. gxh4+ Kxh4 35. Ke2 Kg4 36. Kd3 Bxf2 37. Kxc3 Bb6
{Game drawn by mutual agreement}
1/2-1/2